AAA
TUCSON TOROS @ FLAGSTAFF FLYERS
08/29/2059
 
TOP OF THE 1ST
Tucson Toros batting - Pitching for Flagstaff Flyers : RHP Carlo Sanford
Pitching: RHP Carlo Sanford
Batting: LHB Tommy Tuten 0-0: Ball
1-0: Fly out, F8 (Line Drive, 8RD, EV 91.9 MPH)
Batting: RHB Kyle Bruns 0-0: Fly out, F8 (Flyball, 8LM, EV 87.5 MPH)
Batting: LHB Brett Gesell 0-0: Foul Ball, location: 2F
0-1: Swinging Strike
0-2: Foul Ball, location: 2F
0-2: Strikes out swinging
Top of the 1st over - 0 runs, 0 hits, 0 errors, 0 left on base; Tucson 0 - Flagstaff 0
BOTTOM OF THE 1ST
Flagstaff Flyers batting - Pitching for Tucson Toros : RHP Jim Bichsel
Pitching: RHP Jim Bichsel
Batting: LHB Jayden Sigmon 0-0: Called Strike
0-1: Foul Ball, location: 2F
0-2: Ball
1-2: Strikes out swinging
Batting: LHB Shawn Tuttle 0-0: Ball
1-0: Called Strike
1-1: Ball
2-1: SOLO HOME RUN (Flyball, 89XD, EV 113.8 MPH), Distance : 422 ft
Batting: LHB Kit Landry 0-0: Ball
1-0: Ground out 5-3 (Groundball, 5, EV 86.2 MPH)
Batting: RHB Scott McDonald 0-0: Ball
1-0: Ball
2-0: Ball
3-0: Called Strike
3-1: Base on Balls
Batting: LHB Preston Hardcastle 0-0: Foul Ball, location: 2F
0-1: Ball
1-1: Swinging Strike
1-2: Ball
2-2: Fly out, F7 (Flyball, 7D, EV 98.1 MPH)
Bottom of the 1st over - 1 run, 1 hit, 0 errors, 1 left on base; Tucson 0 - Flagstaff 1
TOP OF THE 2ND
Tucson Toros batting - Pitching for Flagstaff Flyers : RHP Carlo Sanford
Batting: RHB Vinny Wetherington 0-0: Ball
1-0: Called Strike
1-1: Called Strike
1-2: Ball
2-2: Ground out 6-3 (Groundball, 6, EV 104.4 MPH)
Batting: RHB Devin Mastroianni 0-0: Called Strike
0-1: Foul Ball, location: 2F
0-2: Ball
1-2: Ball
2-2: SINGLE (Line Drive, 3D, EV 97.5 MPH)
Batting: RHB Coltyn Goldman 0-0: Fly out, F5 (Popup, 25, EV 81.2 MPH)
Batting: RHB Kelvin Knox 0-0: Called Strike
0-1: Fly out, F8 (Flyball, 8RM, EV 91.2 MPH)
Top of the 2nd over - 0 runs, 1 hit, 0 errors, 1 left on base; Tucson 0 - Flagstaff 1
BOTTOM OF THE 2ND
Flagstaff Flyers batting - Pitching for Tucson Toros : RHP Jim Bichsel
Batting: RHB Cliff Passarelli 0-0: Called Strike
0-1: Called Strike
0-2: Ball
1-2: Foul Ball, location: 2F
1-2: Ground out 6-3 (Groundball, 6, EV 105.0 MPH)
Batting: LHB Vinnie Ballew 0-0: SOLO HOME RUN (Flyball, 8RXD, EV 107.5 MPH), Distance : 437 ft
Batting: RHB Tom Matson 0-0: Ball
1-0: Ball
2-0: Ball
3-0: Ground out 6-3 (Groundball, 4M, EV 86.9 MPH)
Batting: RHB Liam Wroten 0-0: Ball
1-0: Ball
2-0: Swinging Strike
2-1: SINGLE (Line Drive, 7S, EV 111.2 MPH)
Batting: LHB Jayden Sigmon 0-0: Ball
1-0: SINGLE (Flyball, 78S, EV 100.0 MPH)
Liam Wroten to second
Batting: LHB Shawn Tuttle 0-0: Ball
1-0: Ground out 4-3 (Groundball, 4, EV 96.9 MPH)
Bottom of the 2nd over - 1 run, 3 hits, 0 errors, 2 left on base; Tucson 0 - Flagstaff 2
TOP OF THE 3RD
Tucson Toros batting - Pitching for Flagstaff Flyers : RHP Carlo Sanford
Batting: SHB Kendall Powell 0-0: Ball
1-0: Foul Ball, location: 2F
1-1: Ground out 4-3 (Groundball, 4, EV 84.4 MPH)
Batting: RHB Drake Ferris 0-0: Called Strike
0-1: Foul Ball, location: 2F
0-2: Ball
1-2: Ball
2-2: Strikes out swinging
Batting: LHB Tommy Tuten 0-0: Called Strike
0-1: Ball
1-1: Foul Ball, location: 2F
1-2: Fly out, F8 (Flyball, 8RD, EV 91.9 MPH)
Top of the 3rd over - 0 runs, 0 hits, 0 errors, 0 left on base; Tucson 0 - Flagstaff 2
BOTTOM OF THE 3RD
Flagstaff Flyers batting - Pitching for Tucson Toros : RHP Jim Bichsel
Batting: LHB Kit Landry 0-0: Foul Ball, location: 2F
0-1: Ball
1-1: Foul Ball, location: 2F
1-2: Fly out, F9 (Flyball, 9LS, EV 92.5 MPH)
Batting: RHB Scott McDonald 0-0: Ball
1-0: Ball
2-0: Ball
3-0: Base on Balls
Batting: LHB Preston Hardcastle 0-0: Called Strike
0-1: Ball
1-1: Fly out, F9 (Flyball, 89S, EV 76.9 MPH)
Batting: RHB Cliff Passarelli 0-0: Ball
1-0: Called Strike
1-1: Foul Ball, location: 2F
1-2: Strikes out swinging
Bottom of the 3rd over - 0 runs, 0 hits, 0 errors, 1 left on base; Tucson 0 - Flagstaff 2
TOP OF THE 4TH
Tucson Toros batting - Pitching for Flagstaff Flyers : RHP Carlo Sanford
Batting: RHB Kyle Bruns 0-0: Ball
1-0: Foul Ball, location: 2F
1-1: Foul Ball, location: 2F
1-2: Ball
2-2: Strikes out looking
Batting: LHB Brett Gesell 0-0: Ball
1-0: Called Strike
1-1: SOLO HOME RUN (Flyball, 89XD, EV 103.8 MPH), Distance : 410 ft
Batting: RHB Vinny Wetherington 0-0: Foul Ball, location: 2F
0-1: Called Strike
0-2: Strikes out swinging
Batting: RHB Devin Mastroianni 0-0: Called Strike
0-1: Called Strike
0-2: Ball
1-2: Ground out 6-3 (Groundball, 6, EV 77.5 MPH)
Top of the 4th over - 1 run, 1 hit, 0 errors, 0 left on base; Tucson 1 - Flagstaff 2
BOTTOM OF THE 4TH
Flagstaff Flyers batting - Pitching for Tucson Toros : RHP Jim Bichsel
Batting: LHB Vinnie Ballew 0-0: Bunted foul
0-1: Ball
1-1: Fly out, F6 (Popup, 56, EV 38.1 MPH)
Batting: RHB Tom Matson 0-0: Foul Ball, location: 2F
0-1: Ball
1-1: Ball
2-1: Foul Ball, location: 2F
2-2: Ball
3-2: Strikes out swinging
Batting: RHB Liam Wroten 0-0: Ball
1-0: Fly out, F8 (Flyball, 8LM, EV 95.6 MPH)
Bottom of the 4th over - 0 runs, 0 hits, 0 errors, 0 left on base; Tucson 1 - Flagstaff 2
TOP OF THE 5TH
Tucson Toros batting - Pitching for Flagstaff Flyers : RHP Carlo Sanford
Batting: RHB Coltyn Goldman 0-0: Called Strike
0-1: Fly out, F9 (Flyball, 9, EV 94.4 MPH)
Batting: RHB Kelvin Knox 0-0: Ball
1-0: SINGLE (Groundball, 6S, EV 74.4 MPH) (infield hit)
Batting: SHB Kendall Powell 0-0: Called Strike
0-1: Ball
1-1: Swinging Strike
1-2: Strikes out looking
Kelvin Knox steals 2nd base
Batter strikes out.
Batting: RHB Drake Ferris 0-0: Ball
1-0: SINGLE (Line Drive, 8RS, EV 97.5 MPH)
Kelvin Knox to third
Runner from 3rd tries for Home, throw by CF and OUT! 8-2
Top of the 5th over - 0 runs, 2 hits, 0 errors, 1 left on base; Tucson 1 - Flagstaff 2
BOTTOM OF THE 5TH
Flagstaff Flyers batting - Pitching for Tucson Toros : RHP Jim Bichsel
Batting: LHB Jayden Sigmon 0-0: Ball
1-0: Ball
2-0: Foul Ball, location: 2F
2-1: Foul Ball, location: 2F
2-2: Strikes out swinging
Batting: LHB Shawn Tuttle 0-0: Ball
1-0: Ball
2-0: Fly out, F8 (Flyball, 8LD, EV 103.1 MPH)
Batting: LHB Kit Landry 0-0: Ball
1-0: Swinging Strike
1-1: Foul Ball, location: 2F
1-2: Foul Ball, location: 2F
1-2: SINGLE (Line Drive, 8RS, EV 106.9 MPH)
Batting: RHB Scott McDonald 0-0: Ball
1-0: Foul Ball, location: 2F
1-1: Fly out, F1 (Line Drive, P, EV 65.0 MPH)
Bottom of the 5th over - 0 runs, 1 hit, 0 errors, 1 left on base; Tucson 1 - Flagstaff 2
TOP OF THE 6TH
Tucson Toros batting - Pitching for Flagstaff Flyers : RHP Carlo Sanford
Batting: LHB Tommy Tuten 0-0: Ball
1-0: Ball
2-0: Foul Ball, location: 2F
2-1: DOUBLE (Flyball, 89XD, EV 111.2 MPH)
Batting: RHB Kyle Bruns 0-0: Ball
1-0: Ball
2-0: SINGLE (Flyball, 4D, EV 95.0 MPH)
Tommy Tuten to third
Batting: LHB Brett Gesell 0-0: Called Strike
0-1: Ball
1-1: Ball
2-1: Foul Ball, location: 2F
2-2: Foul Ball, location: 2F
2-2: Strikes out looking
Batting: RHB Vinny Wetherington 0-0: Ball
1-0: Ball
2-0: Swinging Strike
2-1: SINGLE (Line Drive, 4MD, EV 98.1 MPH)
Tommy Tuten scores
Kyle Bruns to second
Runner from 2nd tries for 3rd, SAFE, no throw by CF
Batting: RHB Devin Mastroianni 0-0: Ball
1-0: Ball
2-0: Fly out, F9 (Flyball, 9, EV 75.6 MPH)
Batting: RHB Coltyn Goldman 0-0: Ball
1-0: Called Strike
1-1: Foul Ball, location: 2F
1-2: Ball
2-2: Ball
3-2: Base on Balls
Vinny Wetherington to second
Batting: RHB Kelvin Knox 0-0: SINGLE (Groundball, 4MD, EV 101.9 MPH)
Kyle Bruns scores
Vinny Wetherington to third
Coltyn Goldman to second
Runner from 3rd tries for Home, SAFE, throw by CF to home
Batting: SHB Kendall Powell 0-0: Foul Ball, location: 2F
0-1: Ball
1-1: Ball
2-1: Swinging Strike
2-2: Foul Ball, location: 2F
2-2: Strikes out looking
Top of the 6th over - 3 runs, 4 hits, 0 errors, 2 left on base; Tucson 4 - Flagstaff 2
BOTTOM OF THE 6TH
Flagstaff Flyers batting - Pitching for Tucson Toros : RHP Jim Bichsel
Batting: LHB Preston Hardcastle 0-0: Ball
1-0: Called Strike
1-1: Called Strike
1-2: Strikes out swinging
Batting: RHB Cliff Passarelli 0-0: Ball
1-0: Ball
2-0: Called Strike
2-1: Foul Ball, location: 2F
2-2: Strikes out swinging
Batting: LHB Vinnie Ballew 0-0: Called Strike
0-1: Hit by Pitch
Batting: RHB Tom Matson 0-0: Ball
Vinnie Ballew steals 2nd base
1-0: Foul Ball, location: 2F
1-1: Ball
2-1: Foul Ball, location: 2F
2-2: Fly out, F8 (Flyball, 89M, EV 78.1 MPH)
Bottom of the 6th over - 0 runs, 0 hits, 0 errors, 1 left on base; Tucson 4 - Flagstaff 2
TOP OF THE 7TH
Tucson Toros batting - Pitching for Flagstaff Flyers : RHP Carlo Sanford
Pitching: LHP Ty Tiller
Batting: RHB Drake Ferris 0-0: Ball
1-0: Swinging Strike
1-1: Foul Ball, location: 2F
1-2: Ground out 6-3 (Groundball, 6, EV 86.9 MPH)
Batting: LHB Tommy Tuten 0-0: Swinging Strike
0-1: Foul Ball, location: 2F
0-2: Ball
1-2: Foul Ball, location: 2F
1-2: Ground out 4-3 (Groundball, 4, EV 101.9 MPH)
Batting: RHB Kyle Bruns 0-0: Ball
1-0: Called Strike
1-1: Ball
2-1: Ball
3-1: Base on Balls
Batting: LHB Brett Gesell 0-0: Ball
1-0: Foul Ball, location: 7LSF, Error on foul ball, E7
1-1: Ball
2-1: Fly out, F7 (Flyball, 7LM, EV 71.2 MPH)
Top of the 7th over - 0 runs, 0 hits, 1 error, 1 left on base; Tucson 4 - Flagstaff 2
BOTTOM OF THE 7TH
Flagstaff Flyers batting - Pitching for Tucson Toros : RHP Jim Bichsel
Batting: RHB Liam Wroten 0-0: Called Strike
0-1: Ball
1-1: Swinging Strike
1-2: Strikes out swinging
Batting: LHB Jayden Sigmon 0-0: Foul Ball, location: 2F
0-1: Ball
1-1: Reached on error, E5 (Groundball, 56S, EV 71.2 MPH)
Batting: LHB Shawn Tuttle 0-0: Foul Ball, location: 2F
0-1: Called Strike
0-2: Foul Ball, location: 2F
0-2: Strikes out swinging
Pitching: LHP Efren Deas
Batting: LHB Kit Landry 0-0: Ball
Jayden Sigmon is caught stealing 2nd base 2-6
Bottom of the 7th over - 0 runs, 0 hits, 1 error, 0 left on base; Tucson 4 - Flagstaff 2
TOP OF THE 8TH
Tucson Toros batting - Pitching for Flagstaff Flyers : LHP Ty Tiller
Batting: RHB Vinny Wetherington 0-0: Foul Ball, location: 2F
0-1: Ground out 1-3 (Groundball, 13S, EV 75.6 MPH)
Batting: RHB Devin Mastroianni 0-0: Swinging Strike
0-1: Foul Ball, location: 2F
0-2: Ball
1-2: Ball
2-2: Ground out 6-3 (Groundball, 6, EV 90.6 MPH)
Batting: RHB Coltyn Goldman 0-0: Ball
1-0: Ball
2-0: Ground out 3-1 (Groundball, 34S, EV 83.1 MPH)
Top of the 8th over - 0 runs, 0 hits, 0 errors, 0 left on base; Tucson 4 - Flagstaff 2
BOTTOM OF THE 8TH
Flagstaff Flyers batting - Pitching for Tucson Toros : LHP Efren Deas
Batting: LHB Kit Landry 0-0: Ball
1-0: Ground out U3 (Groundball, 3, EV 85.6 MPH)
Pitching: RHP Brian Price
Batting: RHB Scott McDonald 0-0: Ground out 5-3 (Groundball, 56, EV 105.6 MPH)
Batting: LHB Preston Hardcastle 0-0: Foul Ball, location: 2F
0-1: Ball
1-1: Foul Ball, location: 2F
1-2: Ground out 6-3 (Groundball, 6, EV 86.2 MPH)
Bottom of the 8th over - 0 runs, 0 hits, 0 errors, 0 left on base; Tucson 4 - Flagstaff 2
TOP OF THE 9TH
Tucson Toros batting - Pitching for Flagstaff Flyers : LHP Ty Tiller
Pitching: RHP Weston Pilling
Batting: RHB Kelvin Knox 0-0: Ball
1-0: SINGLE (Flyball, 4D, EV 93.1 MPH)
Batting: SHB Kendall Powell 0-0: Swinging Strike
0-1: Ball
1-1: Ball
2-1: Foul Ball, location: 2F
2-2: Fly out, F8 (Flyball, 8LD, EV 91.9 MPH)
Batting: RHB Drake Ferris 0-0: Ball
1-0: Ball
Kelvin Knox is caught stealing 2nd base 2-4
2-0: DOUBLE (Line Drive, 8LD, EV 101.2 MPH)
Batting: LHB Tommy Tuten 0-0: Ground out U3 (Groundball, 34, EV 86.2 MPH)
Top of the 9th over - 0 runs, 2 hits, 0 errors, 1 left on base; Tucson 4 - Flagstaff 2
BOTTOM OF THE 9TH
Flagstaff Flyers batting - Pitching for Tucson Toros : RHP Brian Price
Pitching: LHP Kingston Fry
Batting: RHB Cliff Passarelli 0-0: Called Strike
0-1: Ball
1-1: Ball
2-1: Ball
3-1: Base on Balls
Batting: LHB Vinnie Ballew 0-0: Called Strike
0-1: Ball
1-1: Swinging Strike
1-2: Strikes out swinging
Batting: RHB Tom Matson 0-0: Ball
1-0: Called Strike
1-1: Ball
2-1: Called Strike
2-2: Foul Ball, location: 2F
2-2: Strikes out swinging
Batting: RHB Liam Wroten 0-0: Ball
1-0: Called Strike
1-1: Called Strike
1-2: Strikes out looking
Bottom of the 9th over - 0 runs, 0 hits, 0 errors, 1 left on base; Tucson 4 - Flagstaff 2
Wednesday, March 27th , 2024 - OOTP Baseball 23.10 Build 110